 Dungeon Crawl Stone Soup version 0.21.1-1-g345015f (webtiles) character file.

335 Gurps the Covered (level 6, 0/40 HPs)
             Began as a Gargoyle Fighter on Mar 24, 2018.
             Slain by an ogre
             ... wielding a cursed -1 giant spiked club
              (4 damage)
             ... on level 4 of the Dungeon.
             The game lasted 00:10:41 (2528 turns).

Gurps the Covered (Gargoyle Fighter)                Turns: 2528, Time: 00:10:41

Health: 0/40       AC: 14    Str: 22    XL:     6   Next: 53%
Magic:  6/6        EV:  7    Int:  8    God:
Gold:   82         SH:  9    Dex:  9    Spells: 5/5 levels left

rFire    . . .     SeeInvis .   a - +0 long sword
rCold    . . .     Gourm    .   c - +0 shield
rNeg     + . .     Faith    .   b - +0 scale mail
rPois    ∞         Spirit   .   (no helmet)
rElec    +         Reflect  .   e - +0 cloak
rCorr    .         Harm     .   (no gloves)
MR       .....                  s - +0 pair of boots
Stlth    ..........             (no amulet)
HPRegen  0.13/turn              (no ring)
MPRegen  0.10/turn              (no ring)

@: no status effects
A: negative energy resistance 1, electricity resistance, unbreathing,
petrification resistance, rot immunity, AC +4
a: no special abilities


You were on level 4 of the Dungeon.
You were not hungry.

You visited 1 branch of the dungeon, and saw 4 of its levels.

You collected 82 gold pieces.

Inventory:

Hand Weapons
 a - a +0 long sword (weapon)
Armour
 b - a +0 scale mail (worn)
 c - a +0 shield (worn)
 e - a +0 cloak (worn)
 s - a +0 pair of boots (worn)
Jewellery
 k - an uncursed ring of protection from fire {unknown}
Wands
 u - a wand of paralysis (9)
Scrolls
 g - a scroll of amnesia {unknown}
 h - 2 scrolls of teleportation {unknown}
 m - a scroll of magic mapping {unknown}
 o - a scroll of identify {unknown}
 p - 2 scrolls of remove curse {unknown}
 q - 3 scrolls of blinking {unknown}
 r - 2 scrolls of immolation {unknown}
Potions
 d - a potion of might
 i - 2 potions of magic {unknown}
 j - 2 potions of heal wounds {unknown}
 l - 5 potions of curing {unknown}
 n - 2 potions of mutation {unknown}
 t - a potion of haste {unknown}
Comestibles
 f - 5 rations


   Skills:
 + Level 4.8 Fighting
 * Level 4.0 Long Blades
 + Level 4.8 Armour
 - Level 4.1 Shields


You had 5 spell levels left.
You didn't know any spells.

Dungeon Overview and Level Annotations

Branches:
Dungeon (4/15)
 Temple: D:4-7

Altars:
Ru
Sif Muna
Uskayaw


Innate Abilities, Weirdness & Mutations

You are resistant to torment.
Your stone body is resilient. (AC +4)
You are immune to poison.
You resist negative energy. (rN+)
You are resistant to electric shocks. (rElec)
You can survive without breathing.
You are immune to petrification.
You are immune to rotting.


Message History

A jackal skeleton comes into view.
The jackal skeleton misses you.
You riposte.
You hit the jackal skeleton but do no damage.
The jackal skeleton bites you but does no damage.
You slash the jackal skeleton!
You destroy the jackal skeleton!
The ogre hits you with a giant spiked club!
You hit the ogre.
The ogre is lightly wounded.
You barely miss the ogre.
The ogre is lightly wounded.
The ogre hits you with a giant spiked club!!
* * * LOW HITPOINT WARNING * * *
You hit the ogre.
The ogre is moderately wounded.
The ogre barely misses you.
You hit the ogre.
The ogre is moderately wounded.
The ogre hits you with a giant spiked club.
You die...

.# ## .### ###...# ####
.... ......# #...## .#.#
#....##.....## .#.##
#....#.......# ....
#....#.......# ##.#
#.###....#.......# ##.#
........O@.....##
...########............#
#......<##.....#.......#
.....>.........#........
......##................
...........#####........
........#### #.....#..
...<....# ##.......
........# #####.


You could see an ogre.

Vanquished Creatures
  An ice beast (D:3)
  A crimson imp (D:3)
  A hound (D:4)
  Natasha (D:2)
  2 worker ants
  4 adders
  An adder skeleton (D:4)
  3 worms
  2 dart slugs (D:1)
  3 leopard geckos
  An orc (D:3)
  3 giant cockroaches
  3 hobgoblins
  5 jackals
  3 kobolds
  3 quokkas
  A ball python (D:3)
  3 bats
  3 frilled lizards
  3 goblins
  A jackal skeleton (D:4)
  8 rats
56 creatures vanquished.

Notes
Turn   | Place    | Note
-------+----------+-------------------------------------------
     0 | D:1      | Gurps the Gargoyle Fighter began the quest for the Orb.
     0 | D:1      | Reached XP level 1. HP: 14/14 MP: 1/1
    94 | D:1      | You fall through a shaft!
   128 | D:2      | Reached XP level 2. HP: 11/19 MP: 2/2
   156 | D:2      | Found a sacrificial altar of Ru.
   156 | D:2      | Found a deep blue altar of Sif Muna.
   585 | D:1      | Reached XP level 3. HP: 19/23 MP: 3/3
   858 | D:2      | Noticed Natasha
   866 | D:2      | Killed Natasha
   926 | D:2      | Reached XP level 4. HP: 29/29 MP: 4/4
  1294 | D:3      | Found a hide-covered altar of Uskayaw.
  1310 | D:3      | Reached XP level 5. HP: 32/33 MP: 5/5
  1314 | D:3      | Noticed an ice beast
  1341 | D:3      | Killed an ice beast
  1604 | D:3      | Reached XP level 6. HP: 39/39 MP: 6/6
  2528 | D:4      | Slain by an ogre

Skill      XL: |  1  2  3  4  5  6 |
---------------+-------------------+-----
Long Blades    | 2 3 4 |  4.0
Shields        | 4 |  4.1
Armour         | 4 |  4.8
Fighting       | 4 |  4.8

Action                   |  1- 3 |  4- 6 || total
-------------------------+-------+-------++-------
Melee: Long sword        |    87 |   169 ||   256
  Eat: Ration            |       |     2 ||     2
Armor: Scale mail        |    32 |   129 ||   161
Dodge: Dodged            |    21 |    57 ||    78
Block: Shield            |    46 |   109 ||   155
       Rpst.: Long sword |    10 |    19 ||    29
